 Dungeon Crawl Stone Soup version 0.27.0-1-g7a089689b8 (webtiles) character file.

Game seed: 11364999639408590032

142893 wakim the Bludgeoner (level 16, -2/150 HPs)
             Began as a Minotaur Fighter on Aug 7, 2021.
             Was a High Priest of Okawaru.
             Slain by an iron troll (39 damage)
             ... on level 1 of the Depths.
             The game lasted 01:29:00 (38779 turns).

wakim the Bludgeoner (Minotaur Fighter)            Turns: 38779, Time: 01:29:00

Health: -2/150     AC: 33    Str: 26    XL:     16   Next: 81%
Magic:  18/23      EV: 14    Int:  6    God:    Okawaru [*****.]
Gold:   2036       SH: 14    Dex: 11    Spells: 15/15 levels left

rFire    . . .     SeeInvis .   a - +6 demon whip (vamp)
rCold    + . .     Faith    +   c - +0 kite shield
rNeg     . . .     Spirit   .   o - +6 plate armour {ponderous}
rPois    .         Reflect  .   I - +2 hat
rElec    .         Harm     .   g - +2 cloak {Stlth+}
rCorr    .         Rampage  .   C - +1 pair of gloves
Will     +....                  y - +1 pair of boots {Fly}
Stlth    ..........             L - amulet of faith
HPRegen  0.35/turn              f - ring of protection from cold
MPRegen  0.18/turn              p - +4 ring of evasion

@: finesse-ful, flying, slowed, very slow
A: horns 2, retaliatory headbutt
a: Renounce Religion, Heroism, Finesse


You were on level 1 of the Depths.
You worshipped Okawaru.
Okawaru was extremely pleased with you.
You visited 5 branches of the dungeon, and saw 25 of its levels.
You also visited: Gauntlet.

You collected 2167 gold pieces.
You spent 131 gold pieces at shops.

Inventory:

Hand Weapons
 a - a +6 vampiric demon whip (weapon)
 b - the +10 eveningstar "Varpheeho" {pain, rC+ Dex+7}
   (Okawaru gifted it to you on level 6 of the Lair of Beasts)

   In the hands of one skilled in necromantic magic, it inflicts extra damage on
   living creatures.
   Dex:       It affects your dexterity (+7).
   rC:        It protects you from cold.
 d - a +6 demon whip of venom
Missiles
 h - 10 curare-tipped darts (quivered) {=f}
 i - 19 javelins
 k - 56 boomerangs
 m - 28 silver javelins
 n - 3 throwing nets {=f!f}
 s - 113 poisoned darts
Armour
 c - a +0 kite shield (worn)
 g - a +2 cloak of stealth (worn)
 o - a +6 plate armour of ponderousness (worn)
 y - a +1 pair of boots of flying (worn)
 C - a +1 pair of gloves (worn)
 I - a +2 hat (worn)
 J - a +1 buckler of reflection
Jewellery
 e - the ring of Xom's Capriciousness {rF+ rC+ Will- Dex+4 Stlth+}
   (You found it in a Gauntlet)

   [ring of protection from fire]

   Dex:       It affects your dexterity (+4).
   rF:        It protects you from fire.
   rC:        It protects you from cold.
   Will:      It decreases your willpower.
   Stlth:     It makes you more stealthy.
 f - a ring of protection from cold (left hand)
 j - a ring of flight
 l - the ring of Xutib {rN+ AC+4 Str-3 Stlth+}
   (You found it on level 5 of the Lair of Beasts)

   [ring of protection]

   AC:        It affects your AC (+4).
   Str:       It affects your strength (-3).
   rN:        It protects you from negative energy.
   Stlth:     It makes you more stealthy.
 p - a +4 ring of evasion (right hand)
 L - an amulet of faith (around neck)
Wands
 t - a wand of digging (2)
 u - a wand of mindburst (15)
 v - a wand of flame (68)
 w - a wand of iceblast (27)
 x - a wand of charming (8)
Scrolls
 q - 5 scrolls of enchant armour
 r - 2 scrolls of identify
 Q - 2 scrolls of immolation {!r!r}
 R - 2 scrolls of magic mapping {!r}
 T - 4 scrolls of teleportation
 U - a scroll of fear
 W - a scroll of holy word
 X - 5 scrolls of fog
 Y - a scroll of blinking {!r}
 Z - 2 scrolls of silence {!r}
Potions
 A - 6 potions of ambrosia
 B - 4 potions of attraction {!q}
 D - 5 potions of brilliance
 E - a potion of cancellation
 F - 4 potions of curing
 H - 3 potions of haste
 K - 2 potions of magic
 M - 4 potions of mutation {!q}
 N - 2 potions of might
 O - a potion of resistance
Miscellaneous
 z - a box of beasts


   Skills:
 + Level 15.7 Fighting
 - Level 16.0 Maces & Flails
 * Level 10.2 Throwing
 + Level 13.7 Armour
 + Level 8.5 Dodging
 - Level 15.0 Shields
 * Level 11.4 Invocations
 + Level 4.4 Evocations


You had 15 spell levels left.
You didn't know any spells.
Your spell library contained the following spells:

 Spells                   Type           Power      Damage    Failure   Level
 Animate Skeleton         Necr           0%         N/A       98%         1
 Pain                     Necr           0%         1d4       98%         1
 Sandblast                Erth           0%         2d4       98%         1
 Shock                    Conj/Air       0%         1d3       98%         1
 Passwall                 Tmut/Erth      0%         N/A       99%         2
 Static Discharge         Conj/Air       0%         N/A       99%         2
 Sublimation of Blood     Necr           0%         N/A       99%         2
 Wereblood                Tmut           0%         N/A       99%         2
 Call Canine Familiar     Summ           0%         N/A       100%        3
 Dazzling Flash           Conj/Hex       0%         N/A       100%        3
 Portal Projectile        Hex/Tloc       0%         N/A       100%        3
 Swiftness                Air            0%         N/A       100%        3
 Vampiric Draining        Necr           0%         2d6       100%        3
 Airstrike                Air            0%         N/A       100%        4
 Dispel Undead            Necr           0%         3d6       100%        4
 Leda's Liquefaction      Hex/Erth       0%         N/A       100%        4
 Petrify                  Tmut/Erth      0%         N/A       100%        4
 Sticky Flame             Conj/Fire      0%         2d3       100%        4
 Agony                    Necr           0%         N/A       100%        5
 Metabolic Englaciation   Hex/Ice        0%         N/A       100%        5
 Silence                  Hex/Air        0%         N/A       100%        5
 Conjure Ball Lightning   Conj/Air       0%         3x3d6     100%        6
 Invisibility             Hex            0%         N/A       100%        6
 Statue Form              Tmut/Erth      0%         N/A       100%        6
 Summon Hydra             Summ           0%         N/A       100%        7
 Discord                  Hex            0%         N/A       100%        8
 Disjunction              Tloc           0%         N/A       100%        8
 Shatter                  Erth           0%         3d5*      100%        9


Dungeon Overview and Level Annotations

Branches:
Dungeon (15/15)            Temple (1/1) D:6            Lair (6/6) D:11
  Swamp (0/4) Lair:4        Snake (0/4) Lair:4        Slime (0/5) Lair:6
    Orc (2/2) D:11            Elf (0/3) Orc:2        Vaults (0/5) D:13
 Depths (1/5) D:15        Gauntlet (visited)

Altars:
Ashenzari
Cheibriados
Dithmenos
Elyvilon
Fedhas
Gozag
Hepliaklqana
Kikubaaqudgha
Makhleb
Okawaru
Qazlal
Ru
Sif Muna
Trog
Uskayaw
Vehumet
Wu Jian
Xom
Yredelemnul
Zin
The Shining One
Beogh

Shops:
D:6 [   D:8 ?   D:9 *:[(*   Orc:2 [(:[

Portals:
Hell: Depths:1

Annotations:
D:14 Roxanne


Innate Abilities, Weirdness & Mutations

You have a pair of horns on your head.
You reflexively headbutt those who attack you in melee.


Message History

a +0 mace; a +0 robe; a spriggan corpse
Okay, then.
You can now deal lightning-fast blows.
You block the deep troll earth mage's attack. x2
The deep troll earth mage claws you but does no damage.
The deep troll earth mage bites you!
* * * LOW HITPOINT WARNING * * *
The deep troll earth mage misses you. The deep troll earth mage claws you!
* * * LOW HITPOINT WARNING * * *
The deep troll earth mage bites you!
* * * LOW HITPOINT WARNING * * *
The deep troll earth mage barely misses you.
The deep troll earth mage closely misses you.
Okay, then.
You thrash the deep troll earth mage!!
You feel better.
The deep troll earth mage is heavily wounded.
You hit the deep troll earth mage but do no damage.
You headbutt the deep troll earth mage.
The deep troll earth mage is heavily wounded.
You whack the deep troll earth mage!
You feel better.
The deep troll earth mage is severely wounded.
The deep troll earth mage gestures at you while chanting.
The wall shatters!
The blast of rock fragments hits you but does no damage.
You closely miss the deep troll earth mage.
You headbutt the deep troll earth mage, but do no damage.
The deep troll earth mage is severely wounded.
The deep troll earth mage bites you!
* * * LOW HITPOINT WARNING * * *
You block the deep troll earth mage's attack. x2
You thrash the deep troll earth mage!!
You kill the deep troll earth mage!
Okawaru accepts your kill.
You thrash the iron troll!!
You feel better.
The iron troll is heavily wounded.
You whack the iron troll!
You feel better.
You headbutt the iron troll, but do no damage.
The iron troll is heavily wounded.
The iron troll bites you!!!
You die...

...## #...#.....# ..##
###'####### .## #...##
.# ###..# ### .## ##.#
.... ..### #.#
####..... ....### #.#
#..'.....
#.....#######.#####..#
##........#....[@T..##
###....⌠.###.####T##
####...# #.# .## #####
#.# .# #+# #.#.# ##.#
#..# #..# #.## ##.##
#..# ....# ###.### ###


You could see an iron troll (fast, strong) and a deep troll shaman.

Vanquished Creatures
  the Enchantress (Depths:1)
  Kirke (D:14)
  A fire giant (Depths:1)
  An iron dragon (Depths:1)
  An orc warlord (Orc:2)
  3 spriggan defenders (Depths:1)
  2 very ugly things (Depths:1)
  A reaper (Depths:1)
  2 stone giants (Depths:1)
  A minotaur (Gauntlet)
  An ettin (Depths:1)
  3 jiangshi (Depths:1)
  A fire dragon (Depths:1)
  Harold (D:7)
  Josephine (D:15)
  2 ice dragons (Depths:1)
  2 great orbs of eyes (Depths:1)
  8 hydras
  A spriggan air mage (Depths:1)
  A hell beast (Depths:1)
  8 boulder beetles
  2 catoblepae (Lair:6)
  2 rakshasas
  2 dancing weapons (D:13)
  8 two-headed ogres
  3 centaur warriors
  4 tengu warriors
  A hell hog (Depths:1)
  10 death yaks
  2 vampire magi
  4 deep troll earth magi
  Sonja (Lair:2)
  3 orc high priests (Orc:2)
  Urug (Lair:6)
  An iron troll (Depths:1)
  5 skeletal warriors
  A fire crab (Gauntlet)
  An orc knight (Orc:1)
  2 lindwurms (Lair:6)
  A wizard (D:14)
  8 deep trolls
  Pikel (D:9)
  A necromancer (D:15)
  19 ugly things
  3 oklob plants (Lair:5)
  2 deep elf pyromancers
  A cyclops (D:15)
  2 orc sorcerers
  An ice statue (Gauntlet)
  4 manticores
  4 torpor snails
  16 elephants
  Joseph (D:7)
  A black mamba (shapeshifter) (D:15)
  A frost giant skeleton (D:15)
  9 black mambas
  15 cane toads
  2 gargoyles
  8 rime drakes
  A kobold demonologist (D:13)
  10 komodo dragons
  2 efreet
  A queen bee (D:12)
  4 tengu conjurers (D:14)
  4 trolls
  2 polar bears
  3 meliai (D:13)
  25 blink frogs
  A hornet (Depths:1)
  Prince Ribbit (D:5)
  A raiju (shapeshifter) (D:14)
  A spriggan zombie (D:15)
  2 ettin zombies (D:15)
  8 dream sheep
  A centaur simulacrum (D:14)
  A vampire (D:12)
  3 spriggans (Depths:1)
  5 wyverns
  6 wraiths
  29 yaks
  6 basilisks
  4 fire bats (Gauntlet)
  Eustachio (D:5)
  2 steam dragons
  3 hogs (D:14)
  5 wargs (Orc:2)
  Menkaure (D:5)
  A naga (Lair:4)
  2 acid dragons (D:9)
  Duvessa (D:6)
  2 hell hounds (Gauntlet)
  25 water moccasins
  2 sky beasts
  39 orc warriors
  2 ice beasts
  A black bear (D:11)
  2 necrophages (D:7)
  6 wolves (Lair:6)
  17 centaurs
  6 ogres
  A lemure (D:9)
  4 kobold brigands
  5 scorpions
  A wyvern zombie (D:7)
  A gnoll sergeant (D:10)
  12 bullfrogs
  Dowan (D:6)
  2 water moccasin skeletons
  28 killer bees
  5 wights
  4 howler monkeys
  4 centaur zombies
  A bullfrog zombie (D:7)
  2 gnoll shamans
  5 hounds
  Crazy Yiuf (D:2)
  20 orc priests
  A bullfrog skeleton (D:7)
  14 jellies
  Jessica (D:2)
  5 iguanas
  31 orc wizards
  6 hell rats (Lair:3)
  A mummy (D:7)
  12 gnolls
  A howler monkey zombie (D:7)
  4 adders
  A white imp (D:4)
  2 ufetubi
  2 worms
  5 dart slugs
  100 orcs
  8 endoplasms
  A giant cockroach (D:2)
  10 hobgoblins
  3 jackals (D:4)
  4 quokkas
  2 ball pythons (D:4)
  9 bats
  4 frilled lizards
  6 goblins
  A jackal skeleton (D:4)
  19 kobolds
  10 rats
795 creatures vanquished.

Vanquished Creatures (others)
  An ice dragon (Depths:1)
  A tengu warrior (Depths:1)
  A golden eye (shapeshifter) (D:13)
  43 fungi
  58 plants
  14 withered plants (Gauntlet)
118 creatures vanquished.

Grand Total: 913 creatures vanquished

Notes
Turn   | Place    | Note
-------+----------+-------------------------------------------
     0 | D:1      | wakim the Minotaur Fighter began the quest for the Orb.
     0 | D:1      | Reached XP level 1. HP: 19/19 MP: 0/0
    44 | D:1      | Found a faded altar of an unknown god.
   137 | D:1      | Reached XP level 2. HP: 27/27 MP: 1/1
   950 | D:2      | Reached skill level 3 in Maces & Flails
  1198 | D:2      | Reached XP level 3. HP: 33/33 MP: 2/2
  1391 | D:2      | Noticed Jessica
  1411 | D:2      | Killed Jessica
  1412 | D:2      | Reached XP level 4. HP: 28/40 MP: 3/3
  1525 | D:2      | Found a runed translucent door.
  1526 | D:2      | Noticed Crazy Yiuf
  1960 | D:2      | Killed Crazy Yiuf
  1961 | D:2      | Reached skill level 4 in Maces & Flails
  2321 | D:3      | Reached XP level 5. HP: 26/47 MP: 4/4
  3304 | D:4      | Noticed an ogre
  3316 | D:4      | Killed an ogre
  3317 | D:4      | Reached skill level 5 in Fighting
  3317 | D:4      | Reached skill level 5 in Maces & Flails
  3317 | D:4      | Reached skill level 5 in Shields
  3317 | D:4      | Reached XP level 6. HP: 56/56 MP: 5/5
  3391 | D:4      | Reached skill level 5 in Armour
  3782 | D:4      | Reached skill level 6 in Maces & Flails
  3782 | D:4      | Reached XP level 7. HP: 50/61 MP: 6/6
  4313 | D:5      | Entered Level 5 of the Dungeon
  4597 | D:5      | Noticed Eustachio
  4605 | D:4      | Reached skill level 7 in Maces & Flails
  4710 | D:5      | Noticed Menkaure
  4716 | D:5      | Killed Menkaure
  4736 | D:5      | Noticed a troll
  4930 | D:5      | Killed a troll
  4931 | D:5      | Reached XP level 8. HP: 16/71 MP: 7/7
  5250 | D:5      | Noticed Prince Ribbit
  5325 | D:4      | Reached skill level 8 in Maces & Flails
  5462 | D:5      | Killed Eustachio
  5979 | D:5      | Killed Prince Ribbit
  5980 | D:5      | Reached skill level 9 in Maces & Flails
  6233 | D:5      | Reached XP level 9. HP: 73/79 MP: 8/8
  6876 | D:6      | Noticed Duvessa
  6879 | D:6      | Noticed Dowan
  6894 | D:6      | Killed Duvessa
  6906 | D:6      | Killed Dowan
  7651 | D:6      | Reached skill level 10 in Maces & Flails
  7680 | D:6      | Found Alept's Armour Boutique.
  7871 | D:6      | Found a staircase to the Ecumenical Temple.
  7986 | Temple   | Entered the Ecumenical Temple
  8024 | Temple   | Became a worshipper of Warmaster Okawaru
  8292 | D:7      | Noticed Harold
  8675 | D:7      | Found a burning altar of Makhleb.
  8677 | D:7      | Noticed Joseph
  8724 | D:7      | Killed Joseph
  9045 | D:7      | Reached * piety under Okawaru
  9174 | D:7      | Killed Harold
  9174 | D:7      | Reached ** piety under Okawaru
  9175 | D:7      | Reached skill level 11 in Maces & Flails
  9175 | D:7      | Reached XP level 10. HP: 42/90 MP: 6/9
 10078 | D:8      | Reached skill level 1 in Throwing
 10212 | D:8      | Found Veleanol's Magic Scroll Shoppe.
 11359 | D:9      | Found Zujonesu's Weapon Shop.
 11359 | D:9      | Found Ucwaen's Armour Boutique.
 11567 | D:9      | Found Feriaris's General Store.
 11625 | D:9      | Noticed Pikel
 11640 | D:9      | Killed Pikel
 11701 | D:9      | Reached skill level 12 in Maces & Flails
 11701 | D:9      | Reached skill level 1 in Invocations
 11712 | D:9      | Reached *** piety under Okawaru
 11753 | D:9      | You are sucked into a shaft and drop 2 floors!
 11799 | D:11     | Noticed a boulder beetle
 11833 | D:11     | Killed a boulder beetle
 12041 | D:11     | Reached XP level 11. HP: 44/97 MP: 11/11
 12221 | D:11     | Noticed a two-headed ogre
 12234 | D:10     | Entered Level 10 of the Dungeon
 12440 | D:10     | Reached **** piety under Okawaru
 12938 | D:9      | Bought a +0 pair of gloves for 58 gold pieces
 12992 | D:9      | Found Wocw's Book Shop.
 12993 | D:9      | Noticed a two-headed ogre
 13030 | D:9      | Killed a two-headed ogre
 13030 | D:9      | Received a gift from Okawaru
 13615 | D:9      | Reached skill level 10 in Shields
 13629 | D:9      | Reached skill level 10 in Armour
 13631 | D:9      | Reached skill level 10 in Fighting
 13927 | D:9      | Found Rexky's Assorted Antiques.
 13946 | D:9      | Bought a scroll labelled SOVIHO SAPAU for 31 gold pieces
 14022 | D:9      | Bought 7 boomerangs for 42 gold pieces
 14328 | D:10     | Killed a two-headed ogre
 14329 | D:10     | Reached skill level 13 in Maces & Flails
 14843 | D:11     | Found a broken altar of Ashenzari.
 14895 | D:11     | Found a staircase to the Orcish Mines.
 14960 | D:11     | Reached ***** piety under Okawaru
 15400 | D:11     | Noticed a two-headed ogre
 15433 | D:11     | Killed a two-headed ogre
 15434 | D:11     | Reached skill level 1 in Dodging
 15555 | D:11     | Found a staircase to the Lair.
 15718 | Orc:1    | Entered Level 1 of the Orcish Mines
 16190 | Orc:1    | Noticed an orc sorcerer
 16200 | Orc:1    | Killed an orc sorcerer
 16310 | Orc:2    | Entered Level 2 of the Orcish Mines
 16444 | Orc:2    | Reached XP level 12. HP: 85/107 MP: 14/14
 16668 | Orc:2    | Found a staircase to the Elven Halls.
 16703 | Orc:1    | Noticed a two-headed ogre
 16756 | Orc:2    | Killed a two-headed ogre
 16757 | Orc:2    | Reached skill level 5 in Throwing
 16959 | Orc:2    | Noticed an orc high priest
 17238 | Orc:2    | Killed an orc high priest
 17289 | Orc:2    | Noticed a two-headed ogre
 17302 | Orc:2    | Killed a two-headed ogre
 17302 | Orc:2    | Received a gift from Okawaru
 17630 | Orc:2    | Reached skill level 14 in Maces & Flails
 17871 | Orc:2    | Noticed an orc warlord
 18392 | Orc:2    | Reached skill level 5 in Invocations
 18581 | Orc:2    | Paralysed by an orc sorcerer for 5 turns
 18684 | Orc:2    | Noticed an orc high priest
 18697 | Orc:2    | Killed an orc high priest
 18716 | Orc:2    | Found Miros's Antique Weapon Boutique.
 18720 | Orc:2    | Found Ahabopp's Antique Armour Shop.
 18847 | Orc:2    | Killed an orc warlord
 19181 | Orc:2    | Noticed an orc high priest
 19189 | Orc:2    | Killed an orc high priest
 19345 | Orc:2    | Found Jalewar's Armour Shop.
 19398 | Orc:2    | Found Impuk's Book Shop.
 19922 | D:12     | Found a shadowy altar of Dithmenos.
 20075 | D:12     | Noticed a two-headed ogre
 20085 | D:12     | Killed a two-headed ogre
 20118 | D:12     | Received a gift from Okawaru
 20249 | D:12     | Noticed a boulder beetle
 20284 | D:12     | Reached XP level 13. HP: 76/116 MP: 16/16
 20526 | D:12     | Reached skill level 5 in Dodging
 20732 | D:12     | Received a gift from Okawaru
 21713 | D:13     | Found a gate to the Vaults.
 21741 | D:13     | Received a gift from Okawaru
 23797 | D:14     | Noticed Roxanne
 23979 | D:14     | Noticed Kirke
 24165 | D:14     | Killed Kirke
 24166 | D:14     | Reached skill level 15 in Maces & Flails
 24527 | D:14     | Received a gift from Okawaru
 24817 | D:15     | Entered Level 15 of the Dungeon
 25163 | D:15     | Reached XP level 14. HP: 69/127 MP: 17/19
 25713 | D:15     | Found a staircase to the Depths.
 27414 | D:15     | Noticed Josephine
 27426 | D:15     | Killed Josephine
 27923 | Depths:1 | Entered Level 1 of the Depths
 28173 | Depths:1 | Reached skill level 16 in Maces & Flails
 28241 | Depths:1 | Noticed a green very ugly thing
 28248 | Depths:1 | Noticed a green very ugly thing
 28277 | Depths:1 | Killed a brown very ugly thing
 28277 | Depths:1 | Received a gift from Okawaru
 28284 | Depths:1 | Killed a brown very ugly thing
 28292 | Depths:1 | Received a gift from Okawaru
 29292 | Depths:1 | Noticed the Enchantress
 29299 | Depths:1 | Noticed a spriggan defender
 29685 | Lair:1   | Entered Level 1 of the Lair of Beasts
 29719 | Lair:1   | Found a transporter.
 29816 | Lair:1   | Found a gate leading to a gauntlet.
 29839 | Gauntlet | Entered a Gauntlet
 29839 | Gauntlet | Found a transporter.
 29839 | Gauntlet | Found a transporter.
 29843 | Gauntlet | Found a transporter.
 29854 | Gauntlet | Found a transporter.
 29856 | Gauntlet | Found a transporter.
 29866 | Gauntlet | Found a transporter.
 29866 | Gauntlet | Found a transporter.
 29871 | Gauntlet | Found a transporter.
 29877 | Gauntlet | Found a transporter.
 29883 | Gauntlet | Found a transporter.
 29933 | Gauntlet | Found a transporter.
 29945 | Gauntlet | Found a transporter.
 29992 | Gauntlet | Found a transporter.
 30006 | Gauntlet | Found a transporter.
 30106 | Gauntlet | Found a transporter.
 30120 | Gauntlet | Found a transporter.
 30451 | Gauntlet | Identified the ring of Xom's Capriciousness {rF+ rC+ Will-
                  | Dex+4 Stlth+}
 30504 | Gauntlet | Reached XP level 15. HP: 139/139 MP: 12/20
 31013 | Lair:1   | Reached ****** piety under Okawaru
 31026 | Lair:1   | Found a transporter.
 31519 | Lair:2   | Received a gift from Okawaru
 31958 | Lair:2   | Noticed Sonja
 31964 | Lair:2   | Killed Sonja
 33502 | Lair:4   | Found a bloodstained altar of Trog.
 33534 | Lair:4   | Reached skill level 15 in Shields
 33634 | Lair:4   | Received a gift from Okawaru
 33729 | Lair:4   | Found a staircase to the Swamp.
 33771 | Lair:4   | Found a staircase to the Snake Pit.
 33783 | Lair:4   | Reached skill level 1 in Evocations
 34036 | Lair:5   | Reached skill level 15 in Fighting
 34097 | Lair:5   | Received a gift from Okawaru
 34240 | Lair:5   | Identified the ring of Xutib {rN+ AC+4 Str-3 Stlth+}
 34533 | Lair:5   | Received a gift from Okawaru
 35028 | Lair:5   | Reached skill level 10 in Invocations
 35216 | Lair:5   | Found a blossoming altar of Fedhas.
 35524 | Lair:6   | Entered Level 6 of the Lair of Beasts
 35730 | Lair:6   | Reached XP level 16. HP: 149/149 MP: 22/22
 35876 | Lair:6   | Noticed Urug
 35888 | Lair:6   | Killed Urug
 35998 | Lair:6   | Received a gift from Okawaru
 36471 | Lair:6   | Found a staircase to the Slime Pits.
 36752 | Lair:6   | Identified the +10 eveningstar "Varpheeho" {pain, rC+
                  | Dex+7} (Okawaru gifted it to you on level 6 of the Lair of
                  | Beasts)
 36752 | Lair:6   | Received a gift from Okawaru
 36817 | Lair:6   | Got the Compendium of Earth
 37448 | Depths:1 | Received a gift from Okawaru
 37545 | Depths:1 | Found a gateway to Hell.
 37623 | Depths:1 | HP: 3/149 [reaper (29)]
 38051 | Depths:1 | Paralysed by a great orb of eyes for 5 turns
 38405 | Depths:1 | Found a white marble altar of Elyvilon.
 38428 | Depths:1 | Reached skill level 10 in Throwing
 38702 | Depths:1 | Killed the Enchantress
 38779 | Depths:1 | Slain by an iron troll

Illustrated notes

Levels and vault maps discovered:
D:1:      dpeg_arrival_lava_temple_mockup, layout_loops_ring,
          ebering_ecumenical_altar_ruins
D:2:      layout_basic, uniq_crazy_yiuf_cottage, uniq_jessica
D:3:      layout_basic, grunt_ministairs_11
D:4:      layout_cave_pods
D:5:      layout_basic, serial_curves, eino_curves_04, eino_curves_04,
          eino_curves_03, eino_curves_03, feat_on_display, uniq_menkaure,
          uniq_prince_ribbit1, uniq_eustachio
D:6:      layout_basic, minmay_temple_entry_proselytizer, serial_shops,
          nicolae_diamond_shop, uniq_duvessa
D:7:      layout_rooms, mainiacjoe_overflow_catwalk, serial_undead,
          serial_undead_c, serial_undead_e, serial_undead_d, serial_undead_b,
          uniq_harold, uniq_joseph
D:8:      layout_gridville, serial_shops, nicolae_take_the_stairs,
          minmay_crystal_room, minmay_misc_feat_doors,
          chequers_serial_rivers_micro_b, abandoned_shop
D:9:      layout_basic, serial_shops, nicolae_shop_window_shopping,
          nicolae_stop_n_shop_1, nicolae_shop_crystal, shop, nicolae_shop_trees,
          lightli_fourway_metalbox, uniq_pikel
D:10:     layout_cross
D:11:     layout_cave_pools, due_lair_maze_entry_diamond, david_orc_4,
          portal_ice_cave_rime, ashenzari_conservatory_becter
D:12:     layout_basic, nicolae_dithmenos_the_darkroom
D:13:     layout_roguey [special_room_bee], erik_vaults_1
D:14:     layout_roguey, hangedman_decor_riveting, uniq_roxanne, uniq_kirke
D:15:     gammafunk_depths_entry_grave, layout_grid_maze,
          hangedman_abyss_or_decor_passed, uniq_josephine
Temple:   nicolae_temple_the_god_donut
Lair:1:   gammafunk_boulding_lane, layout_layer_cave, gauntlet_entry_generic,
          minivault_26
Lair:2:   layout_long_grid, uniq_sonja
Lair:3:   layout_cellular_growth, serial_bayou_shore_a,
          infiniplex_staircase_pool_2
Lair:4:   layout_misc_corridors, minmay_swamp_entry_reptiles,
          guppyfry_snake_entry_island, basic_altar, beast_lair_carwin_8
Lair:5:   nzn_winding_woodlands_small [nzn_winding_woodlands_5x15_zeroes,
          nzn_winding_woodlands_center_pierced_h,
          nzn_winding_woodlands_5x15_crooked], layout_small_grid,
          hangedman_tree_tricks, st_stairs_12, minmay_lair_oklob_items
Lair:6:   hangedman_lair_in_review, layout_cave_pods,
          minmay_slime_entry_jelly_boxes, uniq_urug
Orc:1:    layout_caves
Orc:2:    grunt_orc_community_town_hall, layout_caves,
          grunt_orc_community_big_house_2, grunt_orc_community_big_house_1,
          grunt_orc_community_house_3, grunt_orc_community_house_2,
          grunt_orc_community_house_3, grunt_orc_community_house_2,
          grunt_orc_community_house_2, grunt_orc_community_house_3
Depths:1: layout_roguey, grunt_mini_vestibule, nicolae_elyvilon_temple_path,
          abyss_entry, fiery_altar_vehumet, grunt_megastairs_4, uniq_enchantress

Skill      XL: |  1  2  3  4  5  6  7  8  9 10 11 12 13 14 15 16 |
---------------+-------------------------------------------------+-----
Shields        | 4 5 6 7 8 9 10 11 12 14 15 | 15.0
Maces & Flails | 3 4 5 6 7 9 11 12 13 14 15 16 | 16.0
Fighting       | 4 5 6 7 8 9 10 11 12 14 15 | 15.7
Armour         | 4 5 6 7 8 9 10 11 12 13 | 13.7
Throwing       | 3 4 6 8 10 | 10.2
Invocations    | 2 4 5 8 10 11 | 11.4
Dodging        | 2 4 5 7 8 |  8.5
Evocations     | 2 4 |  4.4

Action                   |  1- 3 |  4- 6 |  7- 9 | 10-12 | 13-15 | 16-18 || total
-------------------------+-------+-------+-------+-------+-------+-------++-------
Melee: Flail             |    79 |    44 |   239 |   757 |       |       ||  1119
       Headbutt          |     7 |    19 |    68 |   183 |   418 |   145 ||   840
       Mace              |       |    49 |       |       |       |       ||    49
       Whip              |       |    71 |    75 |     2 |       |       ||   148
       Morningstar       |       |       |       |   152 |   784 |       ||   936
       Demon whip        |       |       |       |       |   927 |   546 ||  1473
 Fire: Hunting sling     |       |       |    26 |       |       |       ||    26
Throw: Boomerang         |       |       |     4 |     2 |       |       ||     6
       Dart              |       |       |       |    44 |     6 |       ||    50
Invok: Heroism           |       |       |     1 |    14 |    16 |     6 ||    37
       Finesse           |       |       |       |     2 |     7 |     5 ||    14
Evoke: Wand              |       |       |       |       |     1 |       ||     1
  Use: Scroll            |     2 |     5 |     2 |    11 |    10 |     5 ||    35
       Potion            |       |       |     2 |       |     7 |     5 ||    14
 Stab: Petrified         |       |       |       |       |       |     6 ||     6
Armor: Scale mail        |    30 |    81 |    63 |       |       |       ||   174
       Chain mail        |       |       |   105 |       |       |       ||   105
       Plate armour      |       |       |    13 |   298 |   550 |   160 ||  1021
Dodge: Dodged            |    30 |    83 |   143 |   284 |   693 |   157 ||  1390
Block: Buckler           |       |    38 |    78 |   122 |       |       ||   238
       Kite shield       |       |       |       |   209 |   910 |   232 ||  1351
